 Dungeon Crawl Stone Soup version 0.15.0-29-ga8e3430 (webtiles) character file.

5426 Kold the Nimble (level 10, -6/47 HPs)
             Began as a Felid Chaos Knight on Sept 12, 2014.
             Was a Plaything of Xom.
             Mangled by a yak (17 damage)
             ... on Level 1 of the Lair of Beasts.
             The game lasted 00:36:50 (18466 turns).

Kold the Nimble (Felid Chaos Knight)               Turns: 18466, Time: 00:36:50

HP  -6/47        AC  2     Str  8      XL: 10   Next: 40%
MP  26/26        EV 29     Int 12      God: Xom
Gold 406         SH  0     Dex 19      Spells:  0 memorised,  9 levels left
Lives: 0, deaths: 3

rFire  + . .     SeeInvis +       - Unarmed
rCold  x . .     Clarity  .     (armour unavailable)
rNeg   . . .     rCorr    .     (shield unavailable)
rPois  .         rRot     .     (helmet unavailable)
rElec  .         Spirit   .     (cloak unavailable)
SustAb .         Warding  .     (gloves unavailable)
rMut   .         Stasis   .     (boots unavailable)
Gourm  +                        B - cursed amulet of the gourmand
MR     +....                    q - ring of fire
                                d - cursed ring of magical power

@: quick, somewhat resistant to hostile enchantments, stealthy
A: paw claws, no armour, no weapons or thrown items, fangs 3, see invisible,
carnivore 3, dopey 1, speed 1, frail 1, shaggy fur 2, slow metabolism 1, jump 2
a: Jump Attack, Renounce Religion


You were on level 1 of the Lair of Beasts.
You worshipped Xom.
You were a favourite toy of Xom.
You were very full.

You visited 2 branches of the dungeon, and saw 12 of its levels.
You also visited: Ossuary.

You collected 562 gold pieces.
You spent 156 gold pieces at shops.

Inventory:

Magical devices
 i - a wand of hasting (3)
 o - a wand of enslavement (9)
 r - a wand of random effects (12) {unknown}
 s - a wand of flame (4)
 v - a wand of magic darts (9)
 w - a wand of magic darts (4)
 y - a wand of enslavement (1)
Comestibles
 c - 4 meat rations
 f - 3 beef jerkies
 l - 3 slices of pizza
Scrolls
 a - 10 scrolls of identify
 b - 3 scrolls of blinking
 g - 4 scrolls of remove curse
 j - 3 scrolls of teleportation
 m - a scroll of fog
 n - a scroll of enchant armour
Jewellery
 d - a cursed ring of magical power (left paw)
 q - a ring of fire (right paw)
 B - a cursed amulet of the gourmand (around neck)
Potions
 e - 2 potions of curing
 h - 2 potions of resistance
 k - a potion of cancellation
 p - a potion of restore abilities
 u - a potion of haste
 x - a potion of agility
 z - a potion of might {unknown}
 A - a potion of brilliance
 D - a potion of heal wounds
 E - a potion of invisibility


   Skills:
 + Level 11.8 Fighting
 - Level 12.0 Dodging
 - Level 5.1 Stealth
 - Level 9.0 Unarmed Combat


You had 9 spell levels left.
You didn't know any spells.

Dungeon Overview and Level Annotations

Branches:
Dungeon (11/15)            Temple (0/1) D:5             Orc (0/4) D:10
   Lair (1/8) D:8

Altars:
Cheibriados
Dithmenos
Fedhas
Sif Muna
Vehumet
Xom
Zin

Shops:
D:5 *   D:9 :

Annotations:
D:5 Dowan
D:9 exclusion: door


Innate Abilities, Weirdness & Mutations

You cannot wear armour.
You are incapable of wielding weapons or throwing items.
Your paws have sharp claws.
You have razor-sharp teeth.
You have supernaturally acute eyesight.
You are carnivorous and can eat meat at any time.
You cover ground quickly.
You are covered in thick fur (AC +2).
You have a slow metabolism.
You can jump attack at a medium distance.
You are dopey. (Int -2)
You are frail (-10% HP).


Message History

You scratch the yak. You bite the yak, but do no damage.
The yak is severely wounded.
The yak gores you!
* * * LOW HITPOINT WARNING * * *
You are too injured to fight recklessly!
You scratch the yak.
The yak is almost dead.
You scratch the yak.
You kill the yak!
You claw the yak!
The yak begins to bleed from its wounds!
The yak is moderately wounded.
The yak misses you.
You scratch the yak.
The yak is moderately wounded.
You closely miss the yak.
The yak is moderately wounded.
The yak gores you!
You die...
Xom cackles wildly!

#.###.+)####.##
#.!.>.........#
#.............+
#....<........P
#..)..........#
##%########.###
#.##### ##
#...#.###
###Y@...#
##.P...#
####..P# +##


You could see a yak (bleeding).

Vanquished Creatures
  Pikel (D:7)
  An elephant (D:8)
  Maurice (D:9)
  A gargoyle (D:10)
  4 yaks
  A deep elf mage (D:10)
  A troll (D:10)
  2 hungry ghosts (D:10)
  2 hill giant zombies (D:10)
  A wyvern (D:8)
  Eustachio (D:4)
  A slave (D:7)
  A water moccasin (D:10)
  3 ice beasts
  A black bear (D:6)
  2 phantoms
  2 necrophages
  4 ogres
  3 orc warriors (D:10)
  A sky beast (D:10)
  3 centaurs
  Duvessa (D:5)
  Blork the orc (D:5)
  4 giant frogs
  A wyvern skeleton (D:8)
  An eye of draining (D:10)
  2 scorpions
  4 killer bees
  A troll zombie (D:10)
  2 goliath beetles (D:8)
  A human zombie (Ossuary)
  3 orc priests
  2 crimson imps (D:10)
  4 jellies
  3 wights (D:6)
  3 centaur zombies (Ossuary)
  Crazy Yiuf (D:7)
  A centaur skeleton (D:5)
  6 hounds
  8 iguanas
  5 orc wizards
  10 worker ants
  2 sheep (D:8)
  2 killer bee zombies (D:8)
  5 ogre zombies (D:10)
  Ijyb (D:5)
  2 big kobold zombies (Ossuary)
  2 big kobold skeletons
  Terence (D:2)
  4 mummies
  7 gnolls
  8 adders
  3 shadow imps
  A giant mite (D:2)
  5 worms
  3 giant geckos
  34 orcs
  17 bats
  A bat skeleton (D:4)
  8 giant cockroaches
  19 goblins
  12 hobgoblins
  4 jackals (D:2)
  2 quokkas
  A ball python (D:3)
  4 giant newts
  3 giant spores
  A goblin skeleton (D:5)
  3 goblin zombies
  4 hobgoblin skeletons (D:10)
  11 hobgoblin zombies
  4 jackal zombies
  11 kobolds
  2 kobold skeletons
  10 kobold zombies (Ossuary)
  5 orc skeletons
  21 orc zombies
  11 rats
  7 ballistomycetes
342 creatures vanquished.

Vanquished Creatures (collateral kills)
  A hill giant (D:10)
  3 yaks
  An orc warrior (D:10)
  2 orc priests (D:10)
  An adder (D:10)
  2 orcs (D:10)
  An orc zombie (D:10)
11 creatures vanquished.

Vanquished Creatures (others)
  A dancing weapon (D:10)
  A big kobold (D:7)
  An orc wizard (D:6)
  A quasit (Lair:1)
  An orc priest (D:7)
  A shadow imp (Lair:1)
  An orc (D:7)
  A bat (D:7)
  4 kobolds (D:7)
12 creatures vanquished.

Grand Total: 365 creatures vanquished

Notes
Turn   | Place    | Note
--------------------------------------------------------------
     0 | D:1      | Kold, the Felid Chaos Knight, began the quest for the Orb.
     0 | D:1      | Reached XP level 1. HP: 10/10 MP: 2/2
    66 | D:1      | Reached skill level 1 in Stealth
   213 | D:1      | Reached XP level 2. HP: 12/14 MP: 3/3
   898 | D:1      | XOM: divination: detect creatures
   933 | D:2      | Noticed Terence
  1330 | D:2      | Reached XP level 3. HP: 17/17 MP: 5/5
  1357 | D:2      | Reached skill level 4 in Stealth
  1599 | D:2      | XOM: cast spell 'Cause Fear'
  1740 | D:2      | XOM: divination: detect items
  1901 | D:2      | Reached skill level 5 in Stealth
  2359 | D:2      | Killed Terence
  2359 | D:2      | Reached XP level 4. HP: 12/21 MP: 7/7
  2789 | D:2      | XOM: scenery: 1 doors close
  2915 | D:3      | Found a shimmering altar of Xom.
  2916 | D:3      | Found a shimmering altar of Xom.
  2916 | D:3      | Found a shimmering altar of Xom.
  2916 | D:3      | Found a shimmering altar of Xom.
  2917 | D:3      | Found a shimmering altar of Xom.
  2919 | D:3      | XOM: polymorph gnoll -> jelly
  2926 | D:3      | Found a shimmering altar of Xom.
  2968 | D:3      | XOM: summons friendly iron imp
  2981 | D:3      | XOM: divination: detect creatures
  3072 | D:2      | XOM is BORED!
  3072 | D:2      | XOM: mild Chrm miscast
  3329 | D:3      | XOM: summons friendly quasit
  3351 | D:3      | Reached XP level 5. HP: 6/25 MP: 8/8
  3504 | D:3      | XOM: scenery: create altars
  3625 | D:3      | XOM: snakes to sticks
  3706 | D:3      | XOM: mild Necr miscast
  3750 | D:3      | XOM: 3-stop teleportation journey
  3875 | D:3      | XOM: stat loss: -1 Dex (16/17)
  4192 | D:3      | XOM: give mutations
  4192 | D:3      | Gained mutation: You possess an exceptional clarity of mind. [Xom's mischief]
  4192 | D:3      | Gained mutation: You are weak. (Str -2) [Xom's mischief]
  4192 | D:3      | Gained mutation: Space occasionally distorts in your vicinity. [Xom's mischief]
  4192 | D:3      | Gained mutation: You are dopey. (Int -2) [Xom's mischief]
  4561 | D:3      | XOM: medium Hex miscast
  4591 | D:3      | XOM: harmless Fire miscast
  4683 | D:3      | XOM is BORED!
  4683 | D:3      | XOM: medium Trmt miscast
  5079 | D:3      | XOM: give mutations
  5079 | D:3      | Gained mutation: You are frail (-10% HP). [Xom's mischief]
  5079 | D:3      | Gained mutation: You occasionally shout uncontrollably at your foes. [Xom's mischief]
  5079 | D:3      | Gained mutation: Your body is slowly deteriorating. [Xom's mischief]
  5079 | D:3      | Gained mutation: You have a pair of small horns on your head. [Xom's mischief]
  5381 | D:4      | Noticed Eustachio
  5382 | D:4      | Noticed a phantom
  5390 | D:4      | XOM: confuse monster(s)
  5398 | D:4      | XOM: summons friendly iron imp
  5564 | D:3      | XOM is BORED!
  5564 | D:3      | XOM: harmless Pois miscast
  5635 | D:4      | Slain by a phantom
  5636 | D:4      | Reached XP level 4. HP: -5/19 MP: 7/7
  5640 | D:4      | Reached skill level 5 in Dodging
  5640 | D:4      | Reached XP level 5. HP: 20/22 MP: 8/8
  5660 | D:4      | Killed Eustachio
  5660 | D:4      | Gained mutation: You are covered in thick fur (AC +2). [growing up]
  5660 | D:4      | Gained mutation: You can jump attack at a medium distance. [growing up]
  5660 | D:4      | Reached XP level 6. HP: 11/26 MP: 10/10
  5847 | D:4      | XOM: divination: magic mapping
  5976 | D:4      | XOM: potion effect (invisibility)
  6003 | D:4      | Killed a phantom
  6003 | D:4      | Reached skill level 5 in Unarmed Combat
  6509 | D:5      | Entered Level 5 of the Dungeon
  6530 | D:5      | Found a deep blue altar of Sif Muna.
  6535 | D:5      | Noticed Edmund
  6539 | D:5      | Noticed Blork the orc
  6556 | D:4      | XOM: potion effect (invisibility)
  6575 | D:5      | Killed Blork the orc
  6575 | D:5      | Reached skill level 6 in Unarmed Combat
  6575 | D:5      | Reached XP level 7. HP: 10/29 MP: 12/12
  6575 | D:5      | XOM: silly message
  6582 | D:5      | Noticed Edmund
  6582 | D:5      | Edmund changed into Edmund the killer bee
  6582 | D:5      | XOM: polymorph Edmund -> Edmund the killer bee
  6587 | D:5      | XOM: medium Erth miscast
  6589 | D:5      | Killed Edmund the killer bee
  6860 | D:5      | XOM: polymorph jelly -> iguana
  7004 | D:5      | Found a staircase to the Ecumenical Temple.
  7062 | D:5      | XOM: harmless Necr miscast
  7111 | D:5      | Noticed Duvessa
  7112 | D:5      | Noticed Dowan
  7158 | D:4      | XOM: god gift: 26 gold pieces
  7161 | D:4      | XOM: mild Divn miscast
  7254 | D:5      | Killed Duvessa
  7254 | D:5      | Reached skill level 7 in Unarmed Combat
  7363 | D:5      | XOM: colour smoke trail
  7518 | D:5      | Noticed Ijyb
  7527 | D:5      | Killed Ijyb
  7779 | D:5      | Found a glowing silver altar of Zin.
  7801 | D:5      | Found Bityop's Assorted Antiques.
  7817 | D:5      | Bought an encrusted brass wand for 108 gold pieces
  7839 | D:5      | Bought 2 purple potions for 48 gold pieces
  7840 | D:5      | Lost mutation: You occasionally shout uncontrollably at your foes. [potion of cure mutation]
  7840 | D:5      | Lost mutation: Your body is slowly deteriorating. [potion of cure mutation]
  7840 | D:5      | Lost mutation: You possess an exceptional clarity of mind. [potion of cure mutation]
  7840 | D:5      | Lost mutation: You are frail (-10% HP). [potion of cure mutation]
  7840 | D:5      | Lost mutation: You have a pair of small horns on your head. [potion of cure mutation]
  7840 | D:5      | Lost mutation: You are dopey. (Int -2) [potion of cure mutation]
  7841 | D:5      | Lost mutation: You are weak. (Str -2) [potion of cure mutation]
  7841 | D:5      | Lost mutation: Space occasionally distorts in your vicinity. [potion of cure mutation]
  8059 | D:5      | Reached skill level 8 in Unarmed Combat
  8156 | D:5      | XOM: mild Pois miscast
  8359 | D:5      | Reached XP level 8. HP: 24/36 MP: 13/13
  8686 | D:6      | XOM: god gift: 28 gold pieces
  8692 | D:6      | Found a sand-covered staircase.
  8699 | D:6      | XOM: summons friendly crimson imp
  8705 | D:6      | Reached skill level 9 in Unarmed Combat
  8763 | D:6      | XOM: divination: detect creatures
  8835 | D:6      | XOM: silly message
  8859 | D:6      | XOM: divination: detect creatures
  8888 | D:6      | XOM: harmless Ice miscast
  8932 | Ossuary  | Entered an ossuary
  9062 | Ossuary  | XOM: confuse monster(s)
  9076 | Ossuary  | XOM: enchant monster (bad)
  9084 | Ossuary  | XOM: blink monster(s)
  9103 | Ossuary  | XOM: potion effect (invisibility)
  9110 | Ossuary  | XOM: enchant monster (good)
  9116 | Ossuary  | XOM: mild Ice miscast
  9123 | Ossuary  | XOM: confuse monster(s)
  9239 | Ossuary  | XOM: mild Hex miscast
  9464 | Ossuary  | Reached skill level 5 in Fighting
 10028 | D:6      | XOM: colour smoke trail
 10090 | D:6      | XOM: potion effect (haste)
 10361 | D:6      | XOM: fake destruction
 10561 | D:6      | XOM: silly message
 10935 | D:6      | XOM: divination: detect creatures
 11184 | D:6      | XOM: harmless Trmt miscast
 11252 | D:7      | Reached XP level 9. HP: 41/41 MP: 15/15
 11344 | D:7      | Noticed Pikel
 11364 | D:7      | XOM: potion effect (heal wounds)
 11366 | D:7      | Killed Pikel
 11395 | D:7      | HP: 2/43 [orc priest/divine providence (15)]
 11397 | D:7      | Killed from afar by an orc priest
 11398 | D:7      | Reached XP level 8. HP: -6/40 MP: 22/22
 11595 | D:7      | XOM: silly message
 11645 | D:7      | XOM: harmless Erth miscast
 11846 | D:7      | XOM: vitrification
 11917 | D:7      | Noticed Crazy Yiuf
 11923 | D:7      | XOM: vitrification
 11926 | D:7      | Killed Crazy Yiuf
 11932 | D:7      | XOM: 4-stop teleportation journey
 12202 | D:8      | Reached XP level 9. HP: 35/44 MP: 15/15
 12208 | D:8      | XOM: polymorph crimson imp -> shadow imp
 12330 | D:8      | Found a staircase to the Lair.
 12331 | D:8      | Noticed an elephant
 12342 | D:8      | XOM: enchant monster (good)
 12356 | D:8      | Killed an elephant
 12356 | D:8      | Reached skill level 10 in Dodging
 12400 | D:7      | XOM: god gift: spear {god gift}
 12551 | D:7      | XOM: god gift: slice of pizza
 12967 | D:8      | XOM: give mutation
 12967 | D:8      | Gained mutation: Your flesh is cold resistant. [Xom's mischief]
 13295 | D:8      | XOM: silly message
 13607 | D:8      | Found a radiant altar of Vehumet.
 13645 | D:8      | Found a snail-covered altar of Cheibriados.
 13648 | D:8      | Found a shadowy altar of Dithmenos.
 13651 | D:8      | Found a blossoming altar of Fedhas.
 14239 | D:9      | Noticed Maurice
 14412 | D:9      | XOM: divination: detect items
 14517 | D:9      | XOM: potion effect (brilliance)
 14534 | D:9      | XOM: harmless Conj miscast
 14587 | D:9      | Found Mneuff's Book Shop.
 14630 | D:9      | Reached skill level 11 in Dodging
 14888 | D:9      | Killed Maurice
 15139 | D:10     | Entered Level 10 of the Dungeon
 15300 | D:10     | XOM: medium Divn miscast
 15363 | D:10     | Reached XP level 10. HP: 21/49 MP: 17/17
 15373 | D:10     | HP: 1/49 [water moccasin (7)]
 15401 | D:10     | XOM: confuse monster(s)
 15403 | D:10     | Slain by a water moccasin
 15404 | D:10     | Reached XP level 9. HP: -2/46 MP: 24/24
 15448 | D:10     | XOM: silly message
 15727 | D:11     | XOM: colour smoke trail
 15817 | D:10     | XOM: silly message
 15833 | D:10     | Reached skill level 12 in Dodging
 15890 | D:10     | Found a staircase to the Orcish Mines.
 15890 | D:10     | XOM: blink monster(s)
 16092 | D:10     | XOM: divination: magic mapping
 16132 | D:10     | Reached skill level 10 in Fighting
 16470 | D:10     | XOM: divination: magic mapping
 16484 | D:10     | Noticed a gargoyle
 16490 | D:10     | Killed a gargoyle
 16740 | D:10     | XOM: 5-stop teleportation journey
 16786 | D:10     | XOM: god gift: great sword {god gift}
 16979 | D:10     | XOM: god gift: lajatang {god gift}
 17004 | D:10     | Noticed a hill giant
 17010 | D:10     | Killed a hill giant
 17010 | D:10     | Reached XP level 10. HP: 8/52 MP: 17/17
 17264 | D:10     | XOM: god gift: scroll labeled KLEUKHLEQUA
 17298 | D:10     | XOM: colour smoke trail
 17371 | D:10     | Identified a scroll of acquirement
 17475 | D:10     | XOM: enchant monster (good)
 17478 | D:10     | XOM: potion effect (curing)
 17691 | D:10     | XOM: noise
 17708 | D:10     | XOM: summons 1 friendly demon
 17951 | D:9      | XOM: god gift: plate armour {god gift}
 17999 | Lair:1   | Entered Level 1 of the Lair of Beasts
 18038 | Lair:1   | XOM: give mutations
 18038 | Lair:1   | Lost mutation: Your flesh is cold resistant. [Xom's mischief]
 18038 | Lair:1   | Gained mutation: You are frail (-10% HP). [Xom's mischief]
 18038 | Lair:1   | Gained mutation: You are dopey. (Int -2) [Xom's mischief]
 18168 | Lair:1   | XOM: summons friendly shadow imp
 18186 | Lair:1   | XOM: enchant monster (good)
 18450 | Lair:1   | XOM: summons friendly quasit
 18466 | Lair:1   | Mangled by a yak

Action                   |  1- 3 |  4- 6 |  7- 9 | 10-12 || total
-------------------------+-------+-------+-------+-------++-------
Melee: Unarmed           |   168 |   250 |   917 |   112 ||  1447
 Abil: Jump Attack       |     2 |     7 |    11 |     2 ||    22
Evoke: Wand              |       |     2 |    29 |     1 ||    32
  Use: Scroll            |     1 |     1 |     6 |     5 ||    13
       Potion            |       |     5 |    10 |     1 ||    16
 Stab: Sleeping          |     3 |     7 |    16 |     2 ||    28
       Invisible         |       |     6 |    11 |       ||    17
       Distracted        |       |       |     8 |     1 ||     9
  Eat: Chunk             |    10 |    14 |    35 |    12 ||    71
